 Dungeon Crawl Stone Soup version 0.17.1-2-g5865329 (webtiles) character file.

86 Metrazal the Sneak (level 4, -3/22 HPs)
             Began as a Spriggan Assassin on Feb 7, 2016.
             Killed from afar by a white imp (7 damage)
             ... with a puff of frost
             ... summoned by Antondotnet's ghost
             ... on level 3 of the Dungeon.
             The game lasted 00:17:35 (1888 turns).

Metrazal the Sneak (Spriggan Assassin)              Turns: 1888, Time: 00:17:36

Health: -3/22      AC:  3    Str: 12    XL:     4   Next: 27%
Magic:  5/5        EV: 20    Int: 12    God:
Gold:   47         SH:  0    Dex: 18    Spells: 0 memorised, 3 levels left

rFire  . . .     SeeInvis +     c - +0 hunting sling
rCold  . . .     Clarity  .     s - +0 robe
rNeg   . . .     SustAt   .     (shield restricted)
rPois  .         Gourm    .     (helmet restricted)
rElec  .         Spirit   .     d - +0 cloak
rCorr  .         Warding  .     (gloves unavailable)
rMut   .         Stasis   .     (boots unavailable)
MR     .....                    (no amulet)
Stlth  ++++......               (no ring)
                                (no ring)

@: mighty, very quick, not resistant to hostile enchantments, stealthy
A: unfitting armour, see invisible, herbivore 3, speed 3, slow metabolism 2
a: no special abilities


You were on level 3 of the Dungeon.
You were not hungry.

You visited 1 branch of the dungeon, and saw 3 of its levels.

You collected 47 gold pieces.

Inventory:

Hand Weapons
 a - a +2 dagger
 b - a +0 blowgun
 c - a +0 hunting sling (weapon)
Missiles
 e - 8 poisoned needles
 f - 2 curare-tipped needles
 h - 50 stones (quivered)
 u - 23 poisoned arrows
Armour
 d - a +0 cloak (worn)
 s - a +0 robe (worn)
Scrolls
 j - 2 scrolls of identify {unknown}
 k - a scroll of enchant weapon {unknown}
 l - a scroll of teleportation {unknown}
 r - a scroll of amnesia {unknown}
 v - a scroll of random uselessness {unknown}
 w - a scroll of fog {unknown}
Potions
 i - 2 potions of might
 m - a potion of agility {unknown}
 n - a potion of heal wounds {unknown}
 o - a potion of flight {unknown}
 p - a potion of degeneration {unknown}
 t - a potion of curing {unknown}
Comestibles
 g - 2 bread rations
 q - a fruit


   Skills:
 - Level 1.5 Fighting
 - Level 2.1 Short Blades
 * Level 1.4(2.2) Slings
 - Level 2.0(2.1) Throwing
 + Level 4.3 Dodging
 + Level 7.1 Stealth


You had 3 spell levels left.
You didn't know any spells.

Dungeon Overview and Level Annotations

Branches:
Dungeon (3/15)

Altars:
Kikubaaqudgha
The Shining One

Annotations:
D:3 Antondotnet's ghost, amateur DEWz


Innate Abilities, Weirdness & Mutations

You are tiny and cannot use many weapons and most armour.
You have supernaturally acute eyesight.
You are a herbivore.
You cover ground extremely quickly.
You need consume almost no food.


Message History

Aim: Antondotnet's ghost, wielding a vorpal weapon (heavily damaged)
You shoot a stone. The stone hits Antondotnet's ghost.
Antondotnet's ghost is heavily damaged.
Firing (i - inventory):
h - 51 stones (quivered)
Press: ? - help, Shift-Dir - straight line, f/p - Antondotnet's ghost
Aim: Antondotnet's ghost, wielding a vorpal weapon (heavily damaged)
You shoot a stone.
The stone barely misses Antondotnet's ghost.
Antondotnet's ghost casts a spell.
Antondotnet's ghost blinks!
The white imp gestures at you. The puff of frost hits you!
Ouch! That really hurt!
* * * LOW HITPOINT WARNING * * *
It was a potion of might.
You feel very mighty all of a sudden.
Antondotnet's ghost hits you but does no damage.
The white imp gestures at you. The puff of frost hits you!
You die...

### ### #.#########.#
#.W.........####
#@#########....# #.#
####.# ######.##### #.#
#....#.#...# #.###
#....#(#...# #.#..
#....#.5...########.#..
#...>.((...............
##....#(†...########(#..
#......(###########.....


You could see Antondotnet's ghost and a white imp.

Vanquished Creatures
  4 adders
  An ooze (D:1)
  A worm (D:3)
  A giant gecko (D:3)
  7 bats
  10 hobgoblins
  A quokka (D:2)
  2 giant cockroaches (D:1)
  2 giant newts (D:1)
  5 goblins
  3 kobolds
  4 rats
41 creatures vanquished.

Notes
Turn   | Place    | Note
--------------------------------------------------------------
     0 | D:1      | Metrazal the Spriggan Assassin began the quest for the Orb.
     0 | D:1      | Reached XP level 1. HP: 10/10 MP: 2/2
   116 | D:1      | Reached skill level 6 in Stealth
   194 | D:1      | Reached XP level 2. HP: 12/14 MP: 3/3
  1041 | D:2      | Reached XP level 3. HP: 18/18 MP: 4/4
  1338 | D:2      | Reached skill level 7 in Stealth
  1442 | D:2      | Found a glowing golden altar of the Shining One.
  1585 | D:3      | Reached XP level 4. HP: 22/22 MP: 5/5
  1594 | D:3      | Reached skill level 1 in Slings
  1736 | D:3      | Found an ancient bone altar of Kikubaaqudgha.
  1740 | D:3      | Noticed Antondotnet's ghost (amateur DEWz)
  1888 | D:3      | Killed from afar by a white imp

Action                   |  1- 3 |  4- 6 || total
-------------------------+-------+-------++-------
Melee: Dagger            |    61 |     7 ||    68
 Fire: Blowgun           |     5 |       ||     5
       Hunting sling     |    12 |    27 ||    39
Throw: Stone             |     6 |       ||     6
  Use: Potion            |       |     1 ||     1
 Stab: Sleeping          |    16 |       ||    16
       Distracted        |     1 |       ||     1
